 Dungeon Crawl Stone Soup version 0.21-a0-221-gfe971b9 (webtiles) character file.

821 motkurip the Archer (level 7, -2/59 HPs)
             Began as a Centaur Arcane Marksman on Aug 27, 2017.
             Was a Follower of Okawaru.
             Slain by a bullfrog (6 damage)
             ... on level 5 of the Dungeon.
             The game lasted 00:16:23 (6070 turns).

motkurip the Archer (Centaur Arcane Marksman)       Turns: 6070, Time: 00:16:24

Health: -2/59      AC:  7    Str: 15    XL:     7   Next: 63%
Magic:  2/8        EV:  9    Int: 12    God:    Okawaru [*.....]
Gold:   211        SH:  0    Dex:  9    Spells: 5/8 levels left

rFire    . . .     SeeInvis .   a - +0 shortbow
rCold    . . .     Gourm    .   (shield currently unavailable)
rNeg     . . .     Faith    .   e - +0 robe
rPois    .         Spirit   .   C - +0 helmet
rElec    .         Reflect  .   (no cloak)
rCorr    .         Harm     .   q - +1 pair of gloves
MR       .....                  (no barding)
Stlth    +.........             (no amulet)
HPRegen  0.19/turn              (no ring)
MPRegen  0.11/turn              (no ring)

@: about to teleport, very quick
A: hooves 3, deformed body, speed 2, tough skin 3
a: Heroism, Renounce Religion


You were on level 5 of the Dungeon.
You worshipped Okawaru.
Okawaru was aware of your devotion.
You were very hungry.

You visited 1 branch of the dungeon, and saw 5 of its levels.
You also visited: Sewer.

You collected 211 gold pieces.

Inventory:

Hand Weapons
 a - a +0 shortbow (weapon)
 r - a cursed -3 hunting sling
 y - a +0 dagger of venom
Missiles
 d - 94 arrows (quivered)
 j - 12 sling bullets
Armour
 e - a +0 robe (worn)
 q - a +1 pair of gloves (worn)
 C - a +0 helmet (worn)
Scrolls
 g - a scroll of fog
 i - 6 scrolls of teleportation
 k - a scroll of amnesia
 n - a scroll of enchant armour
 s - a scroll of fear {unknown}
 t - a scroll of blinking
 u - 2 scrolls of enchant weapon
 w - a scroll of identify
 B - 2 scrolls of remove curse
 E - a scroll of noise {unknown}
Potions
 b - a potion of lignification
 h - 3 potions of invisibility
 m - 3 potions of berserk rage
 o - 4 potions of curing
 p - a potion of mutation {unknown}
 v - a potion of haste {unknown}
 x - a potion of resistance {unknown}
 z - a potion of heal wounds {unknown}
 A - a potion of cancellation {unknown}
 F - 2 potions of magic {unknown}
Books
 c - a book of Debilitation

   Spells                             Type                      Level
   a - Corona                         Hexes                        1
   b - Slow                           Hexes                        2
   c - Inner Flame                    Hexes/Fire                   3
   d - Portal Projectile              Hexes/Translocation          3
   e - Cause Fear                     Hexes                        4
   f - Leda's Liquefaction            Hexes/Earth                  4
Comestibles
 f - 5 bread rations
 l - a royal jelly
 D - a meat ration


   Skills:
 - Level 4.1 Fighting
 + Level 9.9 Bows
 - Level 1.3 Dodging
 - Level 1.0 Spellcasting
 - Level 3.0 Hexes


You had 5 spell levels left.
You knew the following spells:

 Your Spells              Type           Power        Failure   Level  Hunger
a - Corona                Hex            #......      9%          1    ##.....
b - Slow                  Hex            #.......     13%         2    ###....


Dungeon Overview and Level Annotations

Branches:
Dungeon (5/15)             Temple (0/1) D:4

Altars:
Fedhas
Hepliaklqana
Makhleb
Okawaru
Sif Muna
Trog

Annotations:
D:1 exclusion: downstairs
D:4 1 exclusion


Innate Abilities, Weirdness & Mutations

You have hooves in place of feet.
Armour fits poorly on your strangely shaped body.
You cover ground very quickly.
You have extremely tough skin. (AC +3)


Message History

Press: ? - help, Shift-Dir - straight line, f/p - centaur
Aim: a centaur, wielding an enchanted shortbow You shoot an arrow.
The arrow hits the bullfrog.
The bullfrog is heavily wounded.
The bullfrog hits you.
The centaur shoots an arrow.
The arrow hits you!
Firing (i - inventory):
d - 95 arrows (quivered)
Press: ? - help, Shift-Dir - straight line, f/p - centaur
Aim: a centaur, wielding an enchanted shortbow You shoot an arrow.
The arrow closely misses the bullfrog.
The arrow hits the centaur but does no damage.
The bullfrog hits you.
The centaur shoots an arrow.
The arrow barely misses you.
Unknown command.
Okay, then.
Okay, then.
As you read the scroll of teleportation, it crumbles to dust.
You feel strangely unstable.
The centaur shoots an arrow.
The arrow hits you!
* * * LOW HITPOINT WARNING * * *
The bullfrog hits you.
You die...

# ##...##
##...##
###..##
##..###
##...##
##...## ##
###..######...
##(..#.....#
##@....#
##Fc### ##.##
#..# #(## ##F#
#..# ##(## ##
#..#


You could see a bullfrog and a centaur.

Vanquished Creatures
  A phantom (D:4)
  A sky beast (D:5)
  A centaur (D:5)
  A big kobold (Sewer)
  A water moccasin skeleton (D:4)
  An orc priest (D:3)
  A bullfrog skeleton (D:5)
  2 worker ants
  3 orc wizards
  13 adders
  A river rat (Sewer)
  3 oozes (Sewer)
  An adder skeleton (D:5)
  4 worms
  4 dart slugs
  4 leopard geckos
  13 orcs
  4 bats
  4 giant cockroaches
  9 goblins
  8 hobgoblins
  13 kobolds
  A quokka (D:2)
  6 ball pythons
  A frilled lizard (D:3)
  7 rats
108 creatures vanquished.

Notes
Turn   | Place    | Note
-------+----------+-------------------------------------------
     0 | D:1      | motkurip the Centaur Arcane Marksman began the quest for the Orb.
     0 | D:1      | Reached XP level 1. HP: 16/16 MP: 2/2
    68 | D:1      | Reached skill level 3 in Bows
   154 | D:1      | Reached XP level 2. HP: 23/23 MP: 3/3
   162 | D:1      | Learned a level 2 spell: Slow
   381 | D:1      | Reached skill level 4 in Bows
   815 | D:2      | Reached XP level 3. HP: 29/29 MP: 4/4
  2347 | D:2      | Reached XP level 4. HP: 33/37 MP: 1/5
  3512 | D:3      | Reached XP level 5. HP: 23/46 MP: 2/6
  3697 | D:3      | Found a blossoming altar of Fedhas.
  3709 | D:3      | Found a hazy altar of Hepliaklqana.
  3866 | D:3      | Found a bloodstained altar of Trog.
  3866 | D:3      | Found a burning altar of Makhleb.
  3886 | D:3      | Found an iron altar of Okawaru.
  3897 | D:3      | Became a worshipper of Warmaster Okawaru
  4080 | D:3      | Reached skill level 5 in Bows
  4235 | D:4      | Noticed a phantom
  4265 | D:4      | Killed a phantom
  4265 | D:4      | Reached skill level 6 in Bows
  4265 | D:4      | Reached XP level 6. HP: 41/52 MP: 7/7
  4390 | D:4      | Found a staircase to the Ecumenical Temple.
  4423 | D:4      | Reached skill level 7 in Bows
  4744 | D:4      | Found a deep blue altar of Sif Muna.
  4795 | D:4      | Found a glowing drain.
  4800 | Sewer    | Entered a sewer
  5001 | Sewer    | Reached * piety under Okawaru
  5001 | Sewer    | Reached skill level 8 in Bows
  5001 | Sewer    | Reached XP level 7. HP: 47/59 MP: 8/8
  5290 | D:5      | Entered Level 5 of the Dungeon
  5526 | D:5      | Reached skill level 9 in Bows
  6070 | D:5      | Slain by a bullfrog

Vault maps used:
D:1:      noname_arrival_rooms_in_the_neighbourhood, minmay_misc_feat_columns,
          kennysheep_pointless_box
D:3:      gammafunk_temple_overflow_wave, minitemple,
          hangedman_abyss_or_decor_lesser_grid, supply_closet_lemuel,
          okawaru_gym_becter
D:4:      led_sif_book, minmay_temple_entry_junction, portal_sewer_entry_e
D:5:      yredelemnul_altar_generic, first_bread, st_stairs_8
Sewer:    sewer_co_15_rooms

Skill      XL: |  1  2  3  4  5  6  7 |
---------------+----------------------+-----
Bows           | 3 4 6 8 9 |  9.9
Fighting       | 2 4 |  4.1
Hexes          | 3 |  3.0
Dodging        | |  1.3
Spellcasting   | |  1.0

Action                   |  1- 3 |  4- 6 |  7- 9 || total
-------------------------+-------+-------+-------++-------
Melee: Club              |    36 |       |       ||    36
       Unarmed           |     5 |       |       ||     5
       Hand axe          |     4 |       |       ||     4
       Kick              |    24 |    42 |    20 ||    86
       Dagger            |   123 |   160 |    87 ||   370
       Short sword       |       |    13 |       ||    13
 Fire: Shortbow          |     4 |    95 |    18 ||   117
 Cast: Slow              |    13 |    21 |    11 ||    45
       Corona            |       |     2 |     4 ||     6
  Use: Scroll            |     6 |     6 |     2 ||    14
  Eat: Chunk             |     3 |     6 |     3 ||    12
       Meat ration       |       |     1 |       ||     1
Armor: Robe              |    63 |    62 |    30 ||   155
Dodge: Dodged            |    81 |    94 |    47 ||   222

Table legend:
 A = Spawn XP
 B = Non-spawn XP
 C = Spawn XP percentage of total XP
 D = Spawn monster count
 E = Non-spawn monster count
 F = Spawn count percentage of total count
 G = Total turns spent on level
                    A         B        C        D         E        F      G
               +---------+---------+-------+---------+---------+-------+---------
         Total |      83 |    1090 |   7.1 |      11 |      97 |  10.2 |  6070
               +---------+---------+-------+---------+---------+-------+---------
           D:1 |       5 |      35 |  12.5 |       3 |      16 |  15.8 |   816
           D:2 |      21 |     102 |  17.1 |       4 |      22 |  15.4 |  2492
           D:3 |      17 |     116 |  12.8 |       3 |      20 |  13.0 |   923
           D:4 |       0 |     316 |   0.0 |       0 |       9 |   0.0 |   912
           D:5 |      40 |     349 |  10.3 |       1 |      11 |   8.3 |   587
         Sewer |       0 |     172 |   0.0 |       0 |      19 |   0.0 |   340
               +---------+---------+-------+---------+---------+-------+---------
